 Dungeon Crawl Stone Soup version 0.23-a0-119-ga86c9e7 (webtiles) character file.

195 Amnesiac the Gusty (level 5, -10/35 HPs)
             Began as a Mummy Air Elementalist on Aug 24, 2018.
             Blown up by Ijyb (11 damage)
             ... with a wand of disintegration (11)
             ... on level 3 of the Dungeon.
             The game lasted 00:02:31 (1196 turns).

Amnesiac the Gusty (Mummy Air Elementalist)         Turns: 1196, Time: 00:02:32

Health: -10/35     AC:  2    Str: 12    XL:     5   Next: 45%
Magic:  3/11       EV: 12    Int: 15    God:
Gold:   21         SH:  0    Dex: 12    Spells: 6/12 levels left

rFire    x . .     SeeInvis .   c - +1 dagger (venom)
rCold    + . .     Gourm    .   (no shield)
rNeg     + + +     Faith    .   a - +0 robe
rPois    ∞         Spirit   .   (no helmet)
rElec    .         Reflect  .   (no cloak)
rCorr    .         Harm     .   (no gloves)
MR       .....                  (no boots)
Stlth    ++........             (no amulet)
HPRegen  0.11/turn              (no ring)
MPRegen  0.12/turn              (no ring)

@: very slightly contaminated
A: no food or potions, fire vulnerability, cold resistance 1, negative energy
resistance 3, torment resistance, unbreathing
a: no special abilities


You were on level 3 of the Dungeon.
You were not hungry.

You visited 1 branch of the dungeon, and saw 3 of its levels.

You collected 21 gold pieces.

Inventory:

Hand Weapons
 c - a +1 dagger of venom (weapon)
Armour
 a - a +0 robe (worn)


   Skills:
 - Level 1.5 Dodging
 - Level 1.5 Stealth
 + Level 4.4 Spellcasting
   Level 0.7 Conjurations
 * Level 4.5 Air Magic


You had 6 spell levels left.
You knew the following spells:

 Your Spells              Type           Power        Failure   Level  Hunger
d - Airstrike             Air            ###.......   26%         4    N/A
z - Swiftness             Chrm/Air       ##......     11%         2    N/A

Your spell library contained the following spells:

 Spells                   Type           Power        Failure   Level  Hunger
 Shock                    Conj/Air       ##..         6%          1    N/A
 Static Discharge         Conj/Air       ##......     19%         3    N/A
 Lightning Bolt           Conj/Air       ##........   86%         5    N/A

Dungeon Overview and Level Annotations

Branches:
Dungeon (3/15)

Altars:

Annotations:
D:3 Ijyb


Innate Abilities, Weirdness & Mutations

You do not eat or drink.
Your flesh is vulnerable to fire.
You are immune to poison.
Your flesh is cold resistant. (rC+)
You are immune to negative energy. (rN+++)
You are immune to unholy pain and torment.
You can survive without breathing.


Message History

Press: ? - help, Dir - move target cursor, f - orc
Aim: an orc, wielding a flail of protection The air twists around and strikes the orc!
You kill the orc!
Casting: Airstrike (quite dangerous; 26% risk of failure)
Confirm with . or Enter, or press ? or * to list all spells.
Aiming: Airstrike (quite dangerous; 26% risk of failure)
Press: ? - help, Dir - move target cursor, f - orc
Aim: an orc, wielding a hand axe and wearing a leather armour You miscast Airstrike.
You are very lightly contaminated with residual magic.
Ouch! You feel a sudden electric shock.
The orc throws a tomahawk.
The tomahawk completely misses you.
You hit the orc but do no damage.
The orc is poisoned.
The orc barely misses you.
You hit the orc but do no damage.
The orc is lightly wounded.
The orc barely misses you. The orc hits you with a hand axe!
You hit the orc.
The orc looks as sick as possible!
The orc is almost dead.
You kill the orc!
The orc hits you with a flail!
* * * LOW HITPOINT WARNING * * *
Ijyb barely misses you. The orc hits you with a flail!
* * * LOW HITPOINT WARNING * * *
Things that are here:
a hand axe; a leather armour The orc throws a tomahawk.
The tomahawk misses you.
You see here a flail of protection.
You see here a tomahawk.
Things that are here:
a flail; a ring mail
Press: ? - help, v - describe, . - travel
Here: Ijyb, wielding a dagger, wearing a leather armour and carrying a wand of disintegration (13) (lightly wounded)
The floor.
Unknown command.
You hit Ijyb.
Ijyb is poisoned.
Ijyb is lightly wounded.
Ijyb zaps a wand.
You struggle to resist.
Unknown command.
Really read
b - a scroll labeled NEOLOE WATUA {!r}?
As you read the scroll labeled NEOLOE WATUA {!r}, it crumbles to dust.
It is a scroll of amnesia.
Your memory of Shock unravels.
Ijyb drinks a potion.
Ijyb is healed!
Ijyb looks more healthy.
You closely miss Ijyb. Ijyb closely misses you.
You hit Ijyb but do no damage.
Ijyb is poisoned.
Ijyb zaps a wand.
You are blasted!
* * * LOW HITPOINT WARNING * * *
You hit Ijyb but do no damage.
Ijyb looks as sick as possible!
Ijyb hits you with a dagger.
* * * LOW HITPOINT WARNING * * *
You hit Ijyb but do no damage.
Ijyb looks as sick as possible!
Ijyb is lightly wounded.
Ijyb hits you with a dagger.
* * * LOW HITPOINT WARNING * * *
You barely miss Ijyb.
Ijyb is lightly wounded.
Ijyb closely misses you.
You hit Ijyb but do no damage.
Ijyb is moderately wounded.
Ijyb zaps a wand.
You are blasted!
You die...

#..g# #...#
########..#######
#(....g[).#......
#.#######.'......
#..## #.#......
##.)## #.#######
##.)####..#
####.(#@...#
#....og..#.#
#........#..#
#........##.#
#......(## ..
#.......# #..
#........ ...
#.........
#.......###


You could see Ijyb and an orc.

Vanquished Creatures
  An ice beast (D:3)
  An orc priest (D:3)
  Terence (D:3)
  An adder (D:3)
  A worm (D:3)
  A dart slug (D:2)
  2 leopard geckos (D:3)
  7 orcs (D:3)
  3 goblins
  3 hobgoblins
  2 jackals (D:2)
  3 kobolds
  A rat (D:1)
27 creatures vanquished.

Notes
Turn   | Place    | Note
-------+----------+-------------------------------------------
     0 | D:1      | Amnesiac the Mummy Air Elementalist began the quest for the Orb.
     0 | D:1      | Reached XP level 1. HP: 13/13 MP: 4/4
   397 | D:2      | Reached XP level 2. HP: 17/19 MP: 0/5
   438 | D:2      | Learned a level 2 spell: Swiftness
   729 | D:3      | Noticed Terence
   783 | D:3      | Killed Terence
   783 | D:3      | Reached XP level 3. HP: 4/24 MP: 0/7
   888 | D:3      | Reached XP level 4. HP: 13/30 MP: 0/9
   951 | D:3      | Learned a level 4 spell: Airstrike
  1057 | D:3      | Noticed an ice beast
  1078 | D:3      | Killed an ice beast
  1078 | D:3      | Reached XP level 5. HP: 20/35 MP: 0/11
  1171 | D:3      | Noticed Ijyb
  1194 | D:3      | HP: 1/35 [Ijyb/dagger (2)]
  1196 | D:3      | Blown up by Ijyb

Vault maps used:
D:1:      roderic_dead_forest, supply_closet_lemuel, okawaru_ov_weapons_minmay
D:2:      lemuel_coloured_pillars_altar, first_ration, st_stairs_9, uniq_natasha
D:3:      grunt_temple_overflow_open, minmay_divided_ellipse, uniq_grinder,
          uniq_terence, uniq_ijyb

Skill      XL: |  1  2  3  4 |
---------------+-------------+-----
Air Magic      | 3 4 |  4.5
Spellcasting   | 3 4 |  4.4
Dodging        | |  1.5
Stealth        | |  1.5
Conjurations   | |  0.7

Action                   |  1- 3 |  4- 6 || total
-------------------------+-------+-------++-------
Melee: Unarmed           |     8 |       ||     8
       Dagger            |       |    16 ||    16
 Cast: Shock             |    45 |    16 ||    61
       Airstrike         |       |     1 ||     1
  Use: Scroll            |       |     1 ||     1
Armor: Robe              |     4 |     5 ||     9
Dodge: Dodged            |    20 |    13 ||    33

Table legend:
 A = Non-vault XP
 B = Vault XP
 C = Vault XP percentage of total XP
 D = Non-vault monster count
 E = Vault monster count
 F = Vault count percentage of total count
                 A         B        C        D         E       F
            +---------+---------+-------+---------+---------+-------
      Total |      88 |     191 |  68.5 |      20 |       7 |  25.9
            +---------+---------+-------+---------+---------+-------
        D:1 |      11 |       0 |   0.0 |       6 |       0 |   0.0
        D:2 |      11 |       0 |   0.0 |       5 |       0 |   0.0
        D:3 |      66 |     191 |  74.3 |       9 |       7 |  43.8
            +---------+---------+-------+---------+---------+-------
